[Event "RUS-ch Rapid Women 2021"]
[White "Lysenko,Margarita"]
[Black "Vasilevich,Tatjana"]
[Site "Sochi"]
[Round "9.2"]
[Annotator "NA"]
[Result "1-0"]
[Date "2021.10.13"]
[WhiteElo "2252"]
[BlackElo "2326"]
[PlyCount "71"]
[TimeControl "5400+30"]

1. d4 Nf6 2. c4 g6 3. Nf3 Bg7 4. g3 0-0 5. Bg2 d6 6. 0-0 Nc6 7. Nc3 a6 8. d5 Na5 9. b3 Nxd5 10. Nxd5 Bxa1 11. Bd2 Nxc4 12. Qxa1 Nxd2 13. Nxd2 c6 14. Ne3 d5 15. Rd1 Qb6 16. Qe5 Be6 17. Nf3 Rad8 18. h4 Rd6 19. h5 f6 20. Qb2 Rfd8 21. Qc2 Bf7 22. Nh4 Kg7 23. Qd2 e6 24. Ng4 g5 25. h6+ Kh8 26. Nxf6 gxh4 27. Qg5 Bg6 28. Nxd5 R8d7 29. Nxb6 Rxd1+ 30. Kh2 hxg3+ 31. Qxg3 Re7 32. Qb8+ Be8 33. Nc8 Red7 34. Nd6 Re7 35. Nxe8 Kg8 36. Nd6+ 1-0

[Event "RUS-ch Rapid Women 2021"]
[White "Protopopova,Anastasiya"]
[Black "Kovalevskaya,Ekaterina"]
[Site "Sochi"]
[Round "9.3"]
[Annotator "NA"]
[Result "0-1"]
[Date "2021.10.13"]
[WhiteElo "2257"]
[BlackElo "2364"]
[PlyCount "62"]
[TimeControl "5400+30"]

1. d4 d5 2. c4 e6 3. Nc3 c5 4. cxd5 exd5 5. dxc5 d4 6. Na4 b5 7. cxb6 axb6 8. b3 Nf6 9. Nf3 Nc6 10. g3 Bb4+ 11. Bd2 b5 12. Bxb4 Nxb4 13. Nc5 Qa5 14. Nd2 Bf5 15. Rc1 Nxa2 16. Ra1 Qc3 17. Nd3 0-0 18. Bg2 Bxd3 19. Bxa8 Bc2 20. Rxa2 Bxd1 21. 0-0 Bxe2 22. Rfa1 g6 23. Bg2 d3 24. h3 Kg7 25. g4 h6 26. Rb1 Rc8 27. b4 Qd4 28. Ra6 Rc2 29. Nb3 Qxb4 30. Raa1 Qc3 31. Na5 d2 0-1

[Event "RUS-ch Rapid Women 2021"]
[White "Kovanova,Baira"]
[Black "Paramzina,Anastasya"]
[Site "Sochi"]
[Round "9.4"]
[Annotator "NA"]
[Result "1-0"]
[Date "2021.10.13"]
[WhiteElo "2331"]
[BlackElo "2260"]
[PlyCount "71"]
[TimeControl "5400+30"]

1. e4 c5 2. Nf3 d6 3. d4 cxd4 4. Nxd4 Nf6 5. Nc3 a6 6. Be3 e5 7. Nf3 Qc7 8. a4 h6 9. a5 Be6 10. Be2 Nbd7 11. Nd5 Nxd5 12. exd5 Bg4 13. 0-0 Be7 14. h3 Bxf3 15. Bxf3 0-0 16. Be2 Bg5 17. Bxg5 hxg5 18. Qd2 e4 19. c4 Qd8 20. b4 Rc8 21. Rac1 f5 22. c5 dxc5 23. d6 Kh8 24. bxc5 Nxc5 25. Qd5 Nd3 26. Bxd3 exd3 27. Rxc8 Qxc8 28. d7 Qb8 29. Rd1 g4 30. Rxd3 Rd8 31. hxg4 fxg4 32. Qh5+ Kg8 33. Qxg4 Qe5 34. Qc4+ Kf8 35. Rf3+ Ke7 36. Re3 1-0

[Event "RUS-ch Rapid Women 2021"]
[White "Goltseva,Ekaterina"]
[Black "Fominykh,Maria"]
[Site "Sochi"]
[Round "9.5"]
[Annotator "NA"]
[Result "1-0"]
[Date "2021.10.13"]
[WhiteElo "2304"]
[BlackElo "2206"]
[PlyCount "69"]
[TimeControl "5400+30"]

1. d4 Nf6 2. c4 g6 3. Nc3 Bg7 4. e4 d6 5. Nge2 0-0 6. Ng3 c5 7. d5 e6 8. Be2 exd5 9. cxd5 Re8 10. 0-0 a6 11. a4 Nbd7 12. h3 Qc7 13. Be3 Rb8 14. Qc2 b6 15. b3 Bb7 16. Rad1 Nf8 17. Rfe1 h5 18. Nf1 Qe7 19. Bd3 N8d7 20. f4 Nh7 21. e5 dxe5 22. f5 Nhf8 23. fxg6 fxg6 24. d6 Qf7 25. Bc4 Ne6 26. Ng3 Nf6 27. Rf1 Qd7 28. Qxg6 b5 29. axb5 axb5 30. Bxb5 Qf7 31. Bxe8 Rxe8 32. Rxf6 Qxg6 33. Rxg6 Kf7 34. Rxg7+ Nxg7 35. d7 1-0

[Event "RUS-ch Rapid Women 2021"]
[White "Diakonova,Ekaterina"]
[Black "Solozhenkina,Elizaveta"]
[Site "Sochi"]
[Round "9.6"]
[Annotator "NA"]
[Result "1/2-1/2"]
[Date "2021.10.13"]
[WhiteElo "2157"]
[BlackElo "2325"]
[PlyCount "102"]
[TimeControl "5400+30"]

1. d4 Nf6 2. Bf4 g6 3. e3 Bg7 4. Nf3 0-0 5. h3 d6 6. Be2 Nbd7 7. 0-0 Qe8 8. Bh2 e5 9. c4 Qe7 10. Nc3 a6 11. Qc2 b6 12. d5 Ne8 13. b4 f5 14. Nd2 e4 15. Nb3 Ne5 16. Rac1 g5 17. c5 f4 18. exf4 gxf4 19. Qxe4 f3 20. Bxf3 Nxf3+ 21. gxf3 Qg5+ 22. Kh1 Bxh3 23. Rg1 Qh5 24. Nd4 Nf6 25. Qd3 Kh8 26. Ne6 Bxe6 27. dxe6 Rae8 28. cxd6 cxd6 29. Ne2 Bh6 30. Ng3 Qh3 31. Rc7 Bf4 32. Qf5 Qh6 33. Rf7 Rxf7 34. exf7 Rf8 35. Qe6 Be5 36. Rg2 Qc1+ 37. Rg1 Qc7 38. Nh5 Qxf7 39. Qxf7 Rxf7 40. Bxe5 dxe5 41. Nxf6 Rxf6 42. Rg3 Rf4 43. a3 a5 44. bxa5 bxa5 45. Kg2 Ra4 46. Rg5 Rxa3 47. Rxe5 Kg7 48. Re6 a4 49. Ra6 Kf7 50. Rh6 Kg7 51. Ra6 Kf7 1/2-1/2

[Event "RUS-ch Rapid Women 2021"]
[White "Nasybullina,Alfia"]
[Black "Goltseva,Ekaterina"]
[Site "Sochi"]
[Round "10.2"]
[Annotator "NA"]
[Result "0-1"]
[Date "2021.10.13"]
[WhiteElo "2101"]
[BlackElo "2304"]
[PlyCount "58"]
[TimeControl "5400+30"]

1. Nf3 Nf6 2. g3 d5 3. Bg2 e6 4. 0-0 c5 5. b3 Nc6 6. Bb2 Be7 7. c4 d4 8. d3 e5 9. e4 0-0 10. h3 Bd7 11. Nbd2 Ne8 12. Re1 Qc8 13. Kh2 Nd6 14. Nf1 Qc7 15. g4 f5 16. gxf5 Nxf5 17. Ng3 Nh4 18. Nxh4 Bxh4 19. Rf1 Rf6 20. Bc1 Raf8 21. Kg1 Ne7 22. Qh5 Ng6 23. Bd2 Qc8 24. Kh2 Rxf2 25. Rxf2 Rxf2 26. Bg5 Bxh3 27. Bxh4 Rxg2+ 28. Kh1 Bg4 29. Qg5 Bf3 0-1

[Event "RUS-ch Rapid Women 2021"]
[White "Murashova,Ekaterina"]
[Black "Kovanova,Baira"]
[Site "Sochi"]
[Round "10.3"]
[Annotator "NA"]
[Result "0-1"]
[Date "2021.10.13"]
[WhiteElo "2213"]
[BlackElo "2331"]
[PlyCount "72"]
[TimeControl "5400+30"]

1. d4 Nf6 2. Bf4 e6 3. e3 d5 4. Nf3 c5 5. c3 Bd6 6. Bg3 Nc6 7. Nbd2 0-0 8. Bd3 Qe7 9. Ne5 Nd7 10. f4 f5 11. 0-0 Nf6 12. Bh4 Qe8 13. Rf3 Ne4 14. Rh3 Ne7 15. a4 Bxe5 16. fxe5 cxd4 17. Bxe7 Qxe7 18. cxd4 Bd7 19. Bxe4 fxe4 20. Qb3 Rac8 21. Rd1 b6 22. Rg3 Qe8 23. Qb4 Bxa4 24. b3 Bb5 25. h3 a5 26. Qa3 Rc2 27. Nb1 Qf7 28. Kh2 h5 29. h4 Rc6 30. Rc1 Rfc8 31. Rxc6 Rxc6 32. Qb2 Qf1 33. Nc3 Bd3 34. Qd2 b5 35. Rg5 b4 36. Na4 Rc2 0-1

[Event "RUS-ch Rapid Women 2021"]
[White "Kovalevskaya,Ekaterina"]
[Black "Gvanceladze,Anna"]
[Site "Sochi"]
[Round "10.4"]
[Annotator "NA"]
[Result "1-0"]
[Date "2021.10.13"]
[WhiteElo "2364"]
[BlackElo "2196"]
[PlyCount "69"]
[TimeControl "5400+30"]

1. Nf3 d5 2. g3 Nf6 3. Bg2 Bf5 4. c4 e6 5. Qb3 Qc8 6. 0-0 Be7 7. Nc3 c6 8. d4 h6 9. Bf4 Nbd7 10. Rac1 dxc4 11. Qxc4 0-0 12. Ne5 Nxe5 13. Bxe5 Rd8 14. e4 Bh7 15. Rfd1 Qd7 16. Qe2 Qe8 17. Bf4 Nd7 18. d5 e5 19. Be3 Nb6 20. dxc6 bxc6 21. Qa6 Rdb8 22. a3 Qc8 23. Bf1 Qe6 24. Qe2 Bg6 25. f3 f6 26. Qc2 Bf7 27. b4 Nc4 28. Bxc4 Qxc4 29. Rd7 Kf8 30. Ne2 Qa6 31. Rc7 Be8 32. Bc5 Bxc5+ 33. Qxc5+ Kg8 34. Qe7 Qb6+ 35. Rc5 1-0

[Event "RUS-ch Rapid Women 2021"]
[White "Potapova,Margarita"]
[Black "Protopopova,Anastasiya"]
[Site "Sochi"]
[Round "10.5"]
[Annotator "NA"]
[Result "1-0"]
[Date "2021.10.13"]
[WhiteElo "2257"]
[BlackElo "2257"]
[PlyCount "83"]
[TimeControl "5400+30"]

1. d4 Nf6 2. c4 e6 3. Nc3 Bb4 4. Qc2 0-0 5. e4 d5 6. e5 Ne4 7. Bd3 c5 8. Nf3 cxd4 9. Nxd4 Nd7 10. Bf4 Qh4 11. g3 Qh3 12. 0-0-0 Bxc3 13. bxc3 Ndc5 14. Bf1 Qh5 15. f3 g5 16. Be3 Bd7 17. fxe4 Ba4 18. Nb3 Nxe4 19. Be2 Qg6 20. Bd4 Rac8 21. cxd5 exd5 22. Bd3 b5 23. Rhe1 b4 24. Bxe4 dxe4 25. Qxe4 Qe6 26. Kb2 Rc4 27. Qe3 h6 28. cxb4 Rxb4 29. Bc5 Rxb3+ 30. axb3 Rb8 31. Rd3 a5 32. Red1 Kg7 33. Qf3 Qc4 34. Rc3 Rxb3+ 35. Rxb3 Bxb3 36. Qxb3 Qxc5 37. Qc3 Qb5+ 38. Kc1 Kf8 39. Rd8+ Ke7 40. Qc7+ Ke6 41. Qd6+ Kf5 42. Qd7+ 1-0

[Event "RUS-ch Rapid Women 2021"]
[White "Vasilevich,Tatjana"]
[Black "Getman,Tatyana"]
[Site "Sochi"]
[Round "10.6"]
[Annotator "NA RC"]
[Result "1-0"]
[Date "2021.10.13"]
[WhiteElo "2326"]
[BlackElo "2198"]
[PlyCount "123"]
[TimeControl "5400+30"]

1. d4 Nf6 2. c4 e6 3. g3 d5 4. Bg2 dxc4 5. Nf3 Nc6 6. 0-0 Rb8 7. e3 b5 8. Qe2 Bb7 9. a4 a6 10. axb5 axb5 11. Nc3 Bc8 12. Rd1 Nb4 13. e4 Be7 14. d5 exd5 15. e5 Nd7 16. Nxd5 0-0 17. e6 fxe6 18. Qxe6+ Rf7 19. Nxb4 Bxb4 20. Ng5 Qf6 21. Qxf7+ Qxf7 22. Nxf7 Kxf7 23. Bf4 Bd6 24. Bxd6 cxd6 25. Rxd6 Ke7 26. Rd4 Nc5 27. Re1+ Be6 28. Bh3 Rb6 29. Rd5 Kf6 30. Bxe6 Nxe6 31. f4 Nc7 32. Rd7 Ne6 33. Red1 b4 34. R7d6 Rxd6 35. Rxd6 c3 36. bxc3 bxc3 37. Rc6 h5 38. Rxc3 g5 39. fxg5+ Kxg5 40. Rc4 Kf5 41. Kf2 Kg5 42. Rb4 Nf8 43. Rb5+ Kg6 44. Kf3 Nd7 45. Kf4 Nf6 46. Rb6 Kg7 47. Kg5 Ng4 48. Rb7+ Kg8 49. Kxh5 Nxh2 50. Rb2 Nf3 51. Kg6 Ne5+ 52. Kf5 Nd7 53. g4 Nc5 54. Rd2 Nb3 55. Rd5 Nc1 56. Kg6 Kf8 57. Rd8+ Ke7 58. Rd1 Nb3 59. Kg7 Nc5 60. Re1+ Kd6 61. g5 Kc6 62. Rc1 1-0

[Event "RUS-ch Rapid Women 2021"]
[White "Kovanova,Baira"]
[Black "Lysenko,Margarita"]
[Site "Sochi"]
[Round "11.1"]
[Annotator "NA"]
[Result "1-0"]
[Date "2021.10.13"]
[WhiteElo "2331"]
[BlackElo "2252"]
[PlyCount "67"]
[TimeControl "5400+30"]

1. e4 c5 2. Nf3 d6 3. d4 cxd4 4. Nxd4 Nf6 5. Nc3 a6 6. Be3 e5 7. Nf3 Be7 8. Bc4 0-0 9. 0-0 Be6 10. Bb3 h6 11. Nh4 Nc6 12. Nf5 Na5 13. Bd5 Bxf5 14. exf5 Nxd5 15. Nxd5 Nc6 16. Qg4 Kh7 17. Rad1 Bg5 18. f6 Bxf6 19. Qf5+ Kg8 20. Bxh6 Nd4 21. Nxf6+ Qxf6 22. Qxf6 gxf6 23. Bxf8 Kxf8 24. c3 Nf5 25. g4 Nh6 26. h3 Ke7 27. Rd5 Rc8 28. Rfd1 Rc6 29. c4 Ke6 30. b4 Ng8 31. c5 dxc5 32. bxc5 Rc7 33. Rd8 Nh6 34. Re8+ 1-0

[Event "RUS-ch Rapid Women 2021"]
[White "Balaian,Alina"]
[Black "Kovalevskaya,Ekaterina"]
[Site "Sochi"]
[Round "11.2"]
[Annotator "RC"]
[Result "0-1"]
[Date "2021.10.13"]
[WhiteElo "2242"]
[BlackElo "2364"]
[PlyCount "120"]
[TimeControl "5400+30"]

1. e4 c5 2. Nf3 Nc6 3. d4 cxd4 4. Nxd4 e5 5. Nb5 d6 6. c4 Be7 7. N1c3 a6 8. Na3 Be6 9. Be3 Bg5 10. Nc2 Bxe3 11. Nxe3 Nf6 12. Be2 0-0 13. 0-0 Rc8 14. Rc1 Nd4 15. b3 b5 16. Bd3 Qa5 17. Qd2 Nh5 18. Rfd1 Nf4 19. Bf1 bxc4 20. Nxc4 Qd8 21. Qe3 Bxc4 22. Bxc4 Rxc4 23. bxc4 Qg5 24. g3 Nfe2+ 25. Kf1 Qxe3 26. fxe3 Nxc1 27. exd4 exd4 28. Rxd4 f5 29. e5 dxe5 30. Rd1 Rc8 31. Rxc1 Rxc4 32. Ne2 Ra4 33. Rc8+ Kf7 34. Nc3 Ra5 35. Ke2 g5 36. Kd3 h5 37. Rc7+ Kg6 38. Rc6+ Kg7 39. Kc4 f4 40. Kd3 fxg3 41. hxg3 h4 42. gxh4 gxh4 43. Rc4 e4+ 44. Rxe4 Rh5 45. Re2 Kg6 46. Ke4 h3 47. Rh2 Kg5 48. Kf3 Kh4 49. Ne4 Rf5+ 50. Ke3 Ra5 51. Kf4 Ra4 52. Rd2 Ra5 53. Rc2 Rb5 54. Rc8 h2 55. Rh8+ Rh5 56. Rxh5+ Kxh5 57. Nf2 Kg6 58. Kg3 Kf5 59. Kxh2 Ke5 60. Nd3+ Kd4 0-1

[Event "RUS-ch Rapid Women 2021"]
[White "Goltseva,Ekaterina"]
[Black "Tomilova,Elena"]
[Site "Sochi"]
[Round "11.3"]
[Annotator "NA RC"]
[Result "1/2-1/2"]
[Date "2021.10.13"]
[WhiteElo "2304"]
[BlackElo "2256"]
[PlyCount "133"]
[TimeControl "5400+30"]

1. d4 Nf6 2. c4 e6 3. Nc3 Bb4 4. g3 0-0 5. Bg2 d6 6. Nf3 Nbd7 7. Qc2 e5 8. d5 a5 9. 0-0 Nc5 10. Na4 Nxa4 11. Qxa4 Bc5 12. Qc2 a4 13. Bd2 Qe7 14. Bc3 Bg4 15. b4 axb3 16. axb3 Rxa1 17. Rxa1 Bxf3 18. exf3 b5 19. Re1 bxc4 20. bxc4 Qd8 21. Bh3 Re8 22. Qd2 Nd7 23. Bf5 Nb6 24. Bd3 g6 25. f4 exf4 26. Rxe8+ Qxe8 27. Qxf4 Nd7 28. h4 Ne5 29. Bf1 f5 30. Be2 h5 31. Kf1 Nf7 32. Bd3 Qb8 33. Qd2 Qb6 34. Qb2 Qxb2 35. Bxb2 Ne5 36. Be2 Kf7 37. Bc3 Nd7 38. Bd3 Nf6 39. Ke2 Ng4 40. Be1 Bd4 41. f3 Ne5 42. f4 Nd7 43. Bc2 Nf6 44. Kf3 Ke7 45. Ba4 Kd8 46. Bc6 Kc8 47. Ke2 Ba1 48. Kd3 Kd8 49. Bb5 Ne4 50. Bc6 Bb2 51. Bb5 Ba3 52. Ke2 Bc5 53. Bc6 Bd4 54. Kd3 Bf2 55. Bxf2 Nxf2+ 56. Ke3 Ne4 57. Ba4 Nxg3 58. Bc2 Ke7 59. Bd3 Kf7 60. Kf3 Ne4 61. Bxe4 fxe4+ 62. Kxe4 Kf6 63. Ke3 Ke7 64. Ke4 Kf6 65. Ke3 Ke7 66. Ke4 Kf6 67. Ke3 1/2-1/2

[Event "RUS-ch Rapid Women 2021"]
[White "Nasybullina,Alfia"]
[Black "Potapova,Margarita"]
[Site "Sochi"]
[Round "11.4"]
[Annotator "NA"]
[Result "1/2-1/2"]
[Date "2021.10.13"]
[WhiteElo "2101"]
[BlackElo "2257"]
[PlyCount "73"]
[TimeControl "5400+30"]

1. d4 Nf6 2. Nf3 g6 3. Bg5 Bg7 4. Nbd2 0-0 5. e4 d5 6. e5 Ne4 7. Be3 c5 8. c3 cxd4 9. cxd4 f6 10. exf6 exf6 11. Bd3 f5 12. Bf4 Nc6 13. Be5 Nxe5 14. Nxe5 Qb6 15. 0-0 Qxd4 16. Ndf3 Qb6 17. Rc1 Be6 18. Bb1 Qxb2 19. Nd3 Qb6 20. Nf4 Rfd8 21. Qb3 Qxb3 22. axb3 Bf7 23. Rc7 b6 24. Rfc1 h6 25. h4 d4 26. Bd3 Nc5 27. b4 Ne4 28. R1c6 Rd6 29. Bxe4 Rdd8 30. Bd3 a5 31. bxa5 bxa5 32. Nxg6 a4 33. Ne7+ Kf8 34. Ng6+ Kg8 35. Ne7+ Kf8 36. Ng6+ Kg8 37. Ne7+ 1/2-1/2

[Event "RUS-ch Rapid Women 2021"]
[White "Vasilevich,Tatjana"]
[Black "Solozhenkina,Elizaveta"]
[Site "Sochi"]
[Round "11.5"]
[Annotator "NA RC"]
[Result "0-1"]
[Date "2021.10.13"]
[WhiteElo "2326"]
[BlackElo "2325"]
[PlyCount "103"]
[TimeControl "5400+30"]

1. d4 Nf6 2. c4 g6 3. Nc3 d5 4. Nf3 Bg7 5. e3 0-0 6. h3 c5 7. dxc5 Qa5 8. Bd2 Qxc5 9. b4 Qc6 10. Nd4 Qd7 11. cxd5 Nxd5 12. Bb5 Qd6 13. 0-0 a6 14. Ne4 Qb6 15. Be2 Rd8 16. Bf3 e5 17. Nb3 Nxb4 18. Rb1 N8c6 19. a3 Nd5 20. Na5 Qc7 21. Qc2 f5 22. Ng3 e4 23. Be2 Nd4 24. Qxc7 Nxe2+ 25. Nxe2 Nxc7 26. Bc3 Bxc3 27. Nxc3 b5 28. Rfc1 Ne6 29. a4 bxa4 30. Nxa4 Bd7 31. Nb6 Rab8 32. Nxd7 Rxb1 33. Nf6+ Kf7 34. Rxb1 Kxf6 35. Rb6 Ra8 36. Kf1 Ke5 37. Rb7 h5 38. Nc4+ Kf6 39. Nb6 Rd8 40. h4 Nc5 41. Rc7 Nd3 42. Ra7 Rd6 43. Nd7+ Ke6 44. Nf8+ Kd5 45. f3 Rb6 46. Rd7+ Kc5 47. fxe4 fxe4 48. Re7 Rf6+ 49. Ke2 Rf2+ 50. Kd1 Rxf8 51. Rxe4 Nf2+ 52. Ke1 0-1

[Event "RUS-ch Rapid Women 2021"]
[White "Nazarova,Anastasia"]
[Black "Murashova,Ekaterina"]
[Site "Sochi"]
[Round "11.6"]
[Annotator "NA RC"]
[Result "1/2-1/2"]
[Date "2021.10.13"]
[WhiteElo "2216"]
[BlackElo "2213"]
[PlyCount "114"]
[TimeControl "5400+30"]

1. e4 c5 2. Nf3 g6 3. d4 cxd4 4. Nxd4 Bg7 5. c4 Nc6 6. Be3 d6 7. Nc3 Nf6 8. Be2 0-0 9. 0-0 Bd7 10. Qd2 Nxd4 11. Bxd4 Bc6 12. f3 a5 13. b3 Nd7 14. Be3 Nc5 15. Rac1 e6 16. Rfd1 Be5 17. Bf1 Qe7 18. Qe1 Rad8 19. Ne2 b6 20. Nd4 Ba8 21. Nb5 Bc6 22. Nd4 Ba8 23. Nb5 Bg7 24. Bf2 Rd7 25. Bh4 g5 26. Bg3 Rfd8 27. Rc2 Be5 28. Rcd2 Bc6 29. Nd4 Bb7 30. h4 h6 31. Nb5 Kf8 32. hxg5 hxg5 33. Nd4 Qf6 34. Nb5 Ke7 35. Bxe5 dxe5 36. Rxd7+ Rxd7 37. Rxd7+ Nxd7 38. Qd2 Ba6 39. Qd6+ Kd8 40. Qc7+ Ke7 41. Na7 Ke8 42. Nc6 g4 43. Qa7 Kf8 44. Qxa6 Kg7 45. fxg4 Qf4 46. Qb7 Qe3+ 47. Kh1 Qh6+ 48. Kg1 Qe3+ 49. Kh2 Nf6 50. Be2 Nxe4 51. Bf3 Qf4+ 52. Kg1 Qe3+ 53. Kh2 Qh6+ 54. Kg1 Qc1+ 55. Kh2 Qf4+ 56. Kg1 Qe3+ 57. Kh2 Qe2 1/2-1/2